 Dungeon Crawl Stone Soup version 0.25-a0-435-g4b9beb1024 (webtiles) character file.

Game seed: 15995503024582931977, levelgen mode: deterministic

8 Elellon the Conjurer (level 2, -9/15 HPs)
             Began as a Deep Elf Conjurer on Jan 29, 2020.
             Mangled by a kobold
             ... wielding a +1 dagger of electrocution
              (19 damage)
             ... on level 1 of the Dungeon.
             The game lasted 00:00:20 (178 turns).

Elellon the Conjurer (Deep Elf Conjurer)             Turns: 178, Time: 00:00:20

Health: -9/15      AC:  2    Str:  5    XL:     2   Next: 0%
Magic:  1/8        EV: 13    Int: 19    God:
Gold:   5          SH:  0    Dex: 15    Spells: 6/7 levels left

rFire    . . .     SeeInvis .   (no weapon)
rCold    . . .     Gourm    .   (no shield)
rNeg     . . .     Faith    .   a - +0 robe
rPois    .         Spirit   .   (no helmet)
rElec    .         Reflect  .   (no cloak)
rCorr    .         Harm     .   (no gloves)
MR       .....                  (no boots)
Stlth    ++........             (no amulet)
HPRegen  0.05/turn              (no ring)
MPRegen  0.11/turn              (no ring)

@: no status effects
A: no striking features
a: no special abilities


You were on level 1 of the Dungeon.
You were not hungry.

You visited 1 branch of the dungeon, and saw 1 of its levels.

You collected 5 gold pieces.

Inventory:

Armour
 a - a +0 robe (worn)
Jewellery
 f - a +4 amulet of reflection {unknown}
Scrolls
 g - a scroll of remove curse {unknown}
Potions
 d - 2 potions of degeneration {unknown}
 e - a potion of cancellation {unknown}
Comestibles
 b - a chunk of flesh
 c - a ration


   Skills:
 - Level 2.4 Dodging
 - Level 2.4 Stealth
 + Level 3.4 Spellcasting
 + Level 4.6 Conjurations


You had 6 spell levels left.
You knew the following spells:

 Your Spells              Type           Power        Failure   Level  Hunger
a - Magic Dart            Conj           ###.         2%          1    None

Your spell library contained the following spells:

 Spells                   Type           Power        Failure   Level  Hunger
 Searing Ray              Conj           ###...       3%          2    ##.....
 Dazzling Flash           Conj/Hex       ##....       17%         3    ###....
 Fulminant Prism          Conj/Hex       ##........   50%         4    ####...
 Iskenderun's Mystic Bla  Conj/Tloc      ##......     50%         4    ####...


Dungeon Overview and Level Annotations

Branches:
Dungeon (1/15)

Altars:


Message History

Confirm with . or Enter, or press ? or * to list all spells.
You don't have enough magic to cast that spell.
Casting: Magic Dart (safe; 2% risk of failure)
Confirm with . or Enter, or press ? or * to list all spells.
You don't have enough magic to cast that spell.
There is an open door here.
Casting: Magic Dart (safe; 2% risk of failure)
Confirm with . or Enter, or press ? or * to list all spells.
You don't have enough magic to cast that spell.
Casting: Magic Dart (safe; 2% risk of failure)
Confirm with . or Enter, or press ? or * to list all spells.
You don't have enough magic to cast that spell.
You hit the kobold but do no damage. The kobold closely misses you.
You closely miss the kobold.
The kobold hits you with a +1 dagger of electrocution.
You barely miss the kobold.
The kobold hits you with a +1 dagger of electrocution.
You are electrocuted!!
Ouch! That really hurt!
You die...

#. #.# ####.. #. #.##
♣S♣<. #..# ♣♣♣..
######.#####.## ###
................
#######..####.## ....
##.## .....###..#
.......@#.###.#.....
........K............
###+#...#.###........
.......#†.##.......
.......##.##(....#
#.......##..#.....#
#.......###.#.....#
#.......# #.....#
##.#... ##.(.#...#


You could see a kobold.

Vanquished Creatures
  A dart slug (D:1)
  A hobgoblin (D:1)
  3 jackals (D:1)
5 creatures vanquished.

Notes
Turn   | Place    | Note
-------+----------+-------------------------------------------
     0 | D:1      | Elellon the Deep Elf Conjurer began the quest for the Orb.
     0 | D:1      | Reached XP level 1. HP: 10/10 MP: 6/6
     3 | D:1      | Noticed a black mamba
   172 | D:1      | Reached XP level 2. HP: 15/15 MP: 0/8
   178 | D:1      | Mangled by a kobold

Levels and vault maps discovered:
D:1:      sevenhm_arrival_forest_fort_small_2, layout_basic,
          evilmike_ruin_ashenzari

Action                   || total
-------------------------++-------
Melee: Unarmed           ||     3
 Cast: Magic Dart        ||    11
Dodge: Dodged            ||     5

Table legend:
 A = Non-vault XP
 B = Vault XP
 C = Vault XP percentage of total XP
 D = Non-vault monster count
 E = Vault monster count
 F = Vault count percentage of total count
                 A         B        C        D         E       F
            +---------+---------+-------+---------+---------+-------
      Total |      12 |       0 |   0.0 |       5 |       0 |   0.0
            +---------+---------+-------+---------+---------+-------
        D:1 |      12 |       0 |   0.0 |       5 |       0 |   0.0
            +---------+---------+-------+---------+---------+-------
